 Dungeon Crawl Stone Soup version 0.31-a0-365-gcf821cafb2 (webtiles) character file.

Game seed: 10520900802088240219

15241 hashsling the Fighter (level 12, -11/84 HPs)
             Began as a Gargoyle Conjurer on July 27, 2023.
             Was a High Priest of Okawaru.
             Killed from afar by a manticore (24 damage)
             ... with a volley of spikes
             ... on level 12 of the Dungeon.
             The game lasted 00:48:12 (11528 turns).

hashsling the Fighter (Gargoyle Conjurer)          Turns: 11528, Time: 00:48:13

Health: -11/84     AC: 23    Str: 15    XL:     12   Next: 24%
Magic:  11/16      EV: 12    Int: 20    God:    Okawaru [*****.]
Gold:   652        SH:  0    Dex: 14    Spells: 11/17 levels left

rFire   . . .        I - +5 flail "Oneudd" {venom, *Rage rPois Will+}
rCold   + + .        (no shield)
rNeg    + . .        J - +3 leather armour
rPois   ∞            i - +0 helmet
rElec   +            (no cloak)
rCorr   .            o - +0 pair of gloves "Iruy" {rC++ Regen+ Slay-5 SInv}
SInv    +            y - +0 pair of boots
Will    +....        C - amulet of faith
Stlth   ++           P - +6 ring of dexterity
HPRegen 1.14/turn    r - +4 ring of protection
MPRegen 0.15/turn

%: random rage (20%), faith
@: spiked, on berserk cooldown, slowed, very slow
A: sickness immunity, AC +8, negative energy resistance 1, electricity
resistance, torment resistance 1, petrification resistance
a: Renounce Religion, Heroism, Finesse, Duel


You were on level 12 of the Dungeon.
You worshipped Okawaru.
Okawaru was extremely pleased with you.
You visited 2 branches of the dungeon, and saw 13 of its levels.

You collected 751 gold pieces.
You spent 99 gold pieces at shops.

Inventory:

Hand Weapons
 I - the +5 flail "Oneudd" (weapon) {venom, *Rage rPois Will+}
   (You found it on level 6 of the Dungeon)

   rPois:     It protects you from poison.
   *Rage:     It berserks you when you make melee attacks (+20% chance).
   Will:      It increases your willpower.
 O - a +3 dire flail
 S - a +0 great mace of protection
Missiles
 h - 7 silver javelins
Armour
 c - +0 fire dragon scales
 i - a +0 helmet (worn)
 o - the +0 pair of gloves "Iruy" (worn) {rC++ Regen+ Slay-5 SInv}
   (Okawaru gifted it to you on level 10 of the Dungeon)

   Slay:      It affects your accuracy & damage with ranged weapons and melee
   (-5).
   rC:        It greatly protects you from cold.
   SInv:      It lets you see invisible.
   Regen:     It increases your rate of health regeneration.
 q - a +2 robe of willpower
 y - a +0 pair of boots (worn)
 F - +0 swamp dragon scales
 J - a +3 leather armour (worn)
Jewellery
 n - a ring of see invisible
 r - a +4 ring of protection (right hand)
 C - an amulet of faith (around neck)
 P - a +6 ring of dexterity (left hand)
Wands
 w - a wand of paralysis (29)
 B - a wand of roots (12)
 M - a wand of quicksilver (9)
 R - a wand of flame (7)
Scrolls
 a - 4 scrolls of vulnerability {unknown}
 e - 2 scrolls of enchant armour {unknown}
 f - 9 scrolls of identify {unknown}
 j - a scroll of brand weapon {unknown}
 k - a scroll of acquirement {unknown}
 l - a scroll of poison {unknown}
 m - a scroll of revelation {unknown}
 t - 2 scrolls of fear {unknown}
 u - 2 scrolls of teleportation {unknown}
 x - a scroll of fog {unknown}
 z - a scroll of noise {unknown}
 A - 2 scrolls of blinking {unknown}
 H - a scroll of butterflies {unknown}
 T - a scroll of immolation {unknown}
Potions
 b - 2 potions of magic
 d - a potion of mutation {unknown}
 g - a potion of enlightenment {unknown}
 p - 2 potions of brilliance {unknown}
 s - a potion of attraction {unknown}
 v - 2 potions of cancellation {unknown}
 D - 5 potions of curing {unknown}
 E - a potion of might {unknown}
 G - 2 potions of lignification {unknown}
 K - a potion of haste {unknown}
 L - a potion of berserk rage {unknown}
 N - 2 potions of degeneration {unknown}
 Q - a potion of heal wounds {unknown}
 U - a potion of resistance {unknown}


   Skills:
 * Level 13.6 Fighting
 * Level 12.8 Maces & Flails
 - Level 6.0 Armour
 - Level 3.0 Dodging
 - Level 2.1 Stealth
 - Level 3.0 Spellcasting
 - Level 6.0 Conjurations


You had 11 spell levels left.
You knew the following spells:

 Your Spells              Type           Power      Damage    Failure   Level
a - Magic Dart            Conj           100%       1d8       1%          1
b - Searing Ray           Conj           54%        2d6       2%          2
c - Dazzling Flash        Conj/Hex       30%        N/A       14%         3

Your spell library contained the following spells:

 Spells                   Type           Power      Damage    Failure   Level
 Wereblood                Tmut           3%         N/A       26%         2
 Fulminant Prism          Conj/Hex       7%         3d6       43%         4
 Iskenderun's Mystic Bla  Conj/Tloc      15%        2d5       43%         4
 Frozen Ramparts          Ice            6%         1d1       45%         3
 Irradiate                Conj/Tmut      7%         3d14      80%         5
 Petrify                  Tmut/Erth      3%         N/A       86%         4
 Metabolic Englaciation   Hex/Ice        1%         N/A       99%         5


Dungeon Overview and Level Annotations

Branches:
Dungeon (12/15)            Temple (1/1) D:4            Lair (0/5) D:9
    Orc (0/2) D:11

Altars:
Ashenzari
Cheibriados
Dithmenos
Elyvilon
Fedhas
Gozag
Hepliaklqana
Kikubaaqudgha
Makhleb
Nemelex Xobeh
Okawaru
Qazlal
Ru
Sif Muna
Trog
Uskayaw
Vehumet
Wu Jian
Xom
Yredelemnul
Zin
The Shining One

Shops:
D:3 *   D:4 (:   D:8 [   D:10 (*


Innate Abilities, Weirdness & Mutations

You are immune to sickness and miasma.
Your stone body is resilient. (AC +8)
You are immune to poison.
You resist negative energy. (rN+)
You are resistant to electric shocks. (rElec)
You are resistant to unholy torment.
You are immune to petrification.


Message History

You punch the wraith, but do no damage.
The wraith is severely damaged.
You hear a shout!
The wraith hits you but does no damage.
The kobold demonologist looks braver for a moment.
The gargoyle hurls a stone arrow at you.
The stone arrow hits you.
You bludgeon the wraith!!
You destroy the wraith!
Okawaru accepts your kill.
The gargoyle hurls a stone arrow at you.
The stone arrow hits you but does no damage.
You barely miss the gargoyle.
You feel like a meek peon again. The gargoyle closely misses you.
The manticore barely misses you.
The manticore claws you but does no damage.
The manticore claws you!
You hit the gargoyle.
The gargoyle is lightly damaged.
The gargoyle completely misses you. The manticore barely misses you.
The manticore claws you but does no damage. x2
You hit the gargoyle.
The gargoyle is moderately damaged.
The gargoyle hits you but does no damage.
The manticore bites you! The manticore claws you!
* * * LOW HITPOINT WARNING * * *
The manticore claws you but does no damage.
A kobold demonologist comes into view. It is wielding a +0 dagger.
The gargoyle hurls a stone arrow at you.
The stone arrow hits you!
* * * LOW HITPOINT WARNING * * *
A kobold brigand comes into view.
It is wielding a +0 whip and quivering poisoned darts.
The manticore bites you but does no damage.
The manticore claws you but does no damage.
The manticore barely misses you.
The kobold demonologist shouts!
The manticore flicks its tail.
The volley of spikes hits you!!
The barbed spikes become lodged in your body.
You die...

#####.......#
#.......#
#.......##
###........#
#<.........#
#..........#
#..........#
#..........#
#.@........#
#..........#
###H#......#
#...K9########
#...K..
..........
...........
.......K.K..
######....###


You could see a manticore, a kobold demonologist, a gargoyle and a kobold
brigand (wandering).

Vanquished Creatures
  Erica (D:8)
  4 two-headed ogres
  Amaemon (D:8)
  2 centaur zombies (D:12)
  An orange demon (D:8)
  A gargoyle (D:11)
  3 kobold demonologists
  Maggie (D:6)
  A komodo dragon (D:9)
  Grinder (D:4)
  2 trolls (D:10)
  Prince Ribbit (D:7)
  2 wraiths
  2 wyverns (D:9)
  2 shadows (D:11)
  A vampire (D:5)
  13 yaks
  A steam dragon (D:10)
  4 vampire mosquitoes (D:11)
  2 acid dragons
  A swamp drake (D:9)
  A black bear (D:6)
  A sky beast (D:8)
  4 orc warriors
  An ice beast (D:7)
  4 boggarts (D:12)
  A centaur (D:9)
  3 ogres
  A phantom (D:5)
  4 kobold brigands
  An elf zombie (D:8)
  A bullfrog (D:7)
  A gnoll sergeant (D:11)
  4 scorpions
  15 wights
  14 killer bees
  2 howler monkeys
  2 jellies
  6 orc priests
  5 hounds
  A human zombie (D:8)
  Crazy Yiuf (D:7)
  A gnoll bouda (D:5)
  2 iguanas
  A sleepcap (D:4)
  6 orc wizards
  17 gnolls
  5 adders
  4 white imps
  2 ufetubi
  3 worms
  2 dart slugs
  21 orcs
  4 bats
  4 endoplasms
  2 giant cockroaches
  5 goblins
  6 hobgoblins
  5 jackals
  3 quokkas
  7 ball pythons
  5 frilled lizards
  23 kobolds
  2 orc skeletons (D:8)
  2 orc zombies (D:8)
  11 rats
263 creatures vanquished.

Notes
Turn   | Place    | Note
-------+----------+-------------------------------------------
     0 | D:1      | hashsling the Gargoyle Conjurer began the quest for the
                  | Orb.
     0 | D:1      | Reached XP level 1. HP: 10/10 MP: 3/3
   171 | D:1      | Reached XP level 2. HP: 15/15 MP: 0/5
   383 | D:1      | Learned a level 2 spell: Searing Ray
   733 | D:1      | Reached skill level 5 in Conjurations
   965 | D:2      | Reached XP level 3. HP: 20/20 MP: 3/6
  1061 | D:2      | Reached skill level 1 in Fighting
  1429 | D:2      | Learned a level 3 spell: Dazzling Flash
  1568 | D:2      | Reached skill level 2 in Fighting
  1568 | D:2      | Reached XP level 4. HP: 26/26 MP: 2/7
  1681 | D:2      | Found a sacrificial altar of Ru.
  2246 | D:3      | Found Xaonucekh's Assorted Antiques.
  2254 | D:3      | Bought a runed robe for 99 gold pieces
  2749 | D:3      | Noticed a scorpion
  3024 | D:4      | Found a sparkling altar of Nemelex Xobeh.
  3024 | D:4      | Found a shimmering altar of Xom.
  3034 | D:4      | Noticed a scorpion
  3038 | D:4      | Killed a scorpion
  3039 | D:4      | Reached skill level 3 in Fighting
  3039 | D:4      | Reached XP level 5. HP: 31/32 MP: 2/8
  3105 | D:4      | Found a staircase to the Ecumenical Temple.
  3115 | Temple   | Entered the Ecumenical Temple
  3131 | Temple   | Became a worshipper of Warmaster Okawaru
  3175 | D:4      | Noticed an ogre
  3228 | D:4      | Killed an ogre
  3229 | D:4      | Reached skill level 1 in Maces & Flails
  3229 | D:4      | Reached XP level 6. HP: 38/38 MP: 3/9
  3375 | D:4      | Found Qiuwijow's Weapon Emporium.
  3424 | D:4      | Noticed Grinder
  3444 | D:4      | Paralysed by Grinder for 4 turns
  3448 | D:4      | Killed Grinder
  3448 | D:4      | Reached * piety under Okawaru
  3449 | D:4      | Reached skill level 4 in Fighting
  3449 | D:4      | Reached XP level 7. HP: 37/44 MP: 0/10
  3744 | D:4      | Found Piarhul's Tremendous Tomes.
  4013 | D:5      | Entered Level 5 of the Dungeon
  4073 | D:5      | Reached skill level 5 in Fighting
  4284 | D:5      | Reached skill level 5 in Maces & Flails
  4354 | D:5      | Reached ** piety under Okawaru
  4474 | D:4      | Reached XP level 8. HP: 48/50 MP: 11/11
  4710 | D:5      | Reached skill level 6 in Fighting
  4845 | D:5      | Found a glowing silver altar of Zin.
  4987 | D:5      | Noticed a vampire
  4997 | D:5      | Killed a vampire
  5370 | D:6      | Noticed Maggie
  5394 | D:6      | Killed Maggie
  5394 | D:6      | Reached *** piety under Okawaru
  5395 | D:6      | Reached skill level 7 in Fighting
  5395 | D:6      | Reached XP level 9. HP: 15/57 MP: 2/13
  5767 | D:6      | Identified the +5 flail "Oneudd" {venom, *Rage rPois Will+}
  6044 | D:6      | Reached skill level 8 in Fighting
  6317 | D:7      | Reached **** piety under Okawaru
  6500 | D:7      | Noticed Prince Ribbit
  6506 | D:7      | Reached skill level 9 in Fighting
  6511 | D:7      | Killed Prince Ribbit
  6511 | D:7      | Reached ***** piety under Okawaru
  6918 | D:7      | Found a runed translucent door.
  6919 | D:7      | Noticed Crazy Yiuf
  6926 | D:7      | Killed Crazy Yiuf
  6979 | D:7      | Reached XP level 10. HP: 49/68 MP: 9/14
  7239 | D:8      | Identified the +0 ring mail of Okawaru's Envy {Harm rN+
                  | Str+3 SInv} (Okawaru gifted it to you on level 8 of the
                  | Dungeon)
  7239 | D:8      | Received a gift from Okawaru
  7240 | D:8      | Reached skill level 10 in Fighting
  7598 | D:8      | Noticed Amaemon
  7643 | D:8      | Killed Amaemon
  7736 | D:8      | Noticed an orange demon
  7763 | D:8      | Killed an orange demon
  7764 | D:8      | Reached skill level 10 in Maces & Flails
  8086 | D:8      | Noticed Erica
  8092 | D:8      | Killed Erica
  8093 | D:8      | Reached skill level 11 in Fighting
  8093 | D:8      | Reached skill level 1 in Armour
  8254 | D:8      | Found Qaur's Armour Boutique.
  8583 | D:9      | Noticed a kobold demonologist
  8591 | D:9      | Killed a kobold demonologist
  8876 | D:9      | Reached XP level 11. HP: 74/74 MP: 15/15
  8926 | D:9      | Received a gift from Okawaru
  9275 | D:9      | Found a staircase to the Lair.
  9624 | D:10     | Entered Level 10 of the Dungeon
  9632 | D:10     | Noticed a two-headed ogre
  9633 | D:10     | Reached skill level 12 in Fighting
  9639 | D:10     | Killed a two-headed ogre
  9679 | D:10     | Found a glowing golden altar of the Shining One.
  9816 | D:10     | Identified the +0 pair of gloves "Iruy" {rC++ Regen+ Slay-5
                  | SInv} (Okawaru gifted it to you on level 10 of the Dungeon)
  9816 | D:10     | Received a gift from Okawaru
  9979 | D:10     | Found Qeda's Antique Weapon Emporium.
  9998 | D:10     | Found a blossoming altar of Fedhas.
 10032 | D:10     | Found a stormy altar of Qazlal.
 10049 | D:10     | Found Comuh's Assorted Antiques.
 10410 | D:11     | Noticed a two-headed ogre
 10419 | D:11     | Killed a two-headed ogre
 10604 | D:11     | Reached skill level 5 in Armour
 10658 | D:11     | Found a staircase to the Orcish Mines.
 10863 | D:11     | Reached skill level 13 in Fighting
 11120 | D:11     | Noticed a sixfirhy
 11142 | D:11     | Reached XP level 12. HP: 84/84 MP: 12/16
 11215 | D:12     | Upgraded the game from 0.31-a0-360-gb3e1d13bf4 to
                  | 0.31-a0-365-gcf821cafb2
 11278 | D:12     | Noticed a two-headed ogre
 11295 | D:12     | Killed a two-headed ogre
 11379 | D:12     | Found a basalt altar of Yredelemnul.
 11423 | D:12     | Noticed a two-headed ogre
 11440 | D:12     | Killed a two-headed ogre
 11494 | D:12     | Noticed a boulder beetle
 11502 | D:12     | Noticed a two-headed ogre
 11528 | D:12     | Killed from afar by a manticore

Illustrated notes

Levels and vault maps discovered:
D:1:      dpeg_arrival_ratfight, layout_loops_ring,
          nicolae_twisty_statue_hallways
D:2:      layout_loops_ring, basic_altar, minmay_fountain_box
D:3:      layout_loops_ring, serial_shops, shop, kennysheep_donut,
          lightli_corner_chamber
D:4:      layout_cave_pools, gammafunk_temple_overflow_elements,
          minmay_temple_entry_sparse_star, serial_shops,
          nicolae_shop_bloodbath_and_beyond, nicolae_shop_i_like_big_books,
          minmay_misc_feat_cross, uniq_grinder
D:5:      layout_cave_pools, overflow_temple_1_default, kennysheep_another_room
D:6:      layout_gridville, minmay_stone_trees_small, uniq_maggie
D:7:      layout_basic, uniq_crazy_yiuf_cottage, uniq_prince_ribbit1
D:8:      layout_cave_pods, serial_shops, shop, nicolae_ossuary_entry_catacombs,
          roderic_roman_lattice, uniq_erica, uniq_amaemon
D:9:      layout_cave_pools, erik_lair_dragon
D:10:     layout_cave_pools, grunt_temple_overflow_forces_of_nature,
          general_overflow_altar, serial_shops, nicolae_shop_overgrown_old_shop,
          nicolae_shop_behind_doors
D:11:     layout_irregular_city, orc_0_dummy, kennysheep_dice
D:12:     layout_irregular_city, lemuel_zombie_altar_yredelemnul
Temple:   nicolae_temple_bog_church

Skill      XL: |  1  2  3  4  5  6  7  8  9 10 11 12 |
---------------+-------------------------------------+-----
Dodging        | 2 3 |  3.0
Conjurations   | 5 6 |  6.0
Fighting       | 2 3 4 5 7 9 11 13 | 13.6
Maces & Flails | 1 3 5 7 9 10 12 | 12.8
Spellcasting   | 3 |  3.0
Armour         | 2 5 6 |  6.0
Stealth        | |  2.1

Action                     |  1- 3 |  4- 6 |  7- 9 | 10-12 || total
---------------------------+-------+-------+-------+-------++-------
  Melee: Unarmed           |     6 |       |       |       ||     6
         Club              |    12 |       |       |       ||    12
         Short sword       |     2 |       |       |       ||     2
         Flail             |       |    13 |   176 |   307 ||   496
         Punch             |       |       |     1 |    10 ||    11
   Cast: Magic Dart        |    53 |    64 |   119 |    76 ||   312
         Searing Ray       |     2 |     2 |    15 |    26 ||    45
 Invoke: Heroism           |       |       |       |     4 ||     4
  Evoke: Wand              |       |       |     4 |     2 ||     6
 Armour: Robe              |    11 |     4 |   122 |     6 ||   143
         Ring mail         |       |       |       |   142 ||   142
         Leather armour    |       |       |       |   111 ||   111
  Dodge: Dodged            |    14 |     9 |   131 |   313 ||   467

Table legend: (Time is in decaauts)
 A = Elapsed time spent in this place.
 B = Non-inter-level travel time spent in this place.
 C = Inter-level travel time spent in this place.
 D = Time resting spent in this place.
 E = Time spent auto-exploring this place.
 F = Levels seen in this place.
 G = Mean time per level.
                   A        B        C        D        E       F      G
               +--------+--------+--------+--------+--------+-----+--------+
         Total |  11804 |  11475 |    329 |    130 |   9349 |  13 |  908.0 |
       Dungeon |  11726 |  11427 |    299 |     87 |   9349 |  12 |  977.2 |
        Temple |     78 |     48 |     30 |     43 |      0 |   1 |   78.0 |
               +--------+--------+--------+--------+--------+-----+--------+

Top non-repeatable levels by time:
     D:8: 1488 daAuts
     D:6: 1170 daAuts
     D:9: 1164 daAuts
     D:4: 1077 daAuts
     D:5: 1073 daAuts
     D:2: 1008 daAuts
    D:11: 1004 daAuts
     D:3: 973 daAuts
     D:1: 963 daAuts
     D:7: 803 daAuts
    D:10: 672 daAuts
    D:12: 324 daAuts
  Temple: 78 daAuts
